 Dungeon Crawl Stone Soup version 0.31.0-32-g396128a36d (webtiles) character file.

Game seed: 4825882562098959132

4 CaptainMV the Grasshopper (level 1, 0/13 HPs)
             Began as a Demonspawn Wanderer on Apr 17, 2024.
             Slain by a dart slug (2 damage)
             ... on level 1 of the Dungeon.
             The game lasted 00:01:28 (98 turns).

CaptainMV the Grasshopper (Demonspawn Wanderer)       Turns: 98, Time: 00:01:28

Health: 0/13       AC:  2    Str:  9    XL:     1   Next: 58%
Magic:  2/2        EV:  7    Int: 15    God:
Gold:   9          SH:  4    Dex: 12    Spells: 1/2 levels left

rFire   . . .        a - +0 dagger
rCold   . . .        d - +0 buckler
rNeg    . . .        c - +0 robe
rPois   .            (no helmet)
rElec   .            (no cloak)
rCorr   .            (no gloves)
SInv    .            (no boots)
Will    .....        (no amulet)
Stlth   +            (no ring)
HPRegen 0.22/turn    (no ring)
MPRegen 0.08/turn

%: no passive effects
@: about to teleport, constricted
A: no striking features
a: no special abilities


You were on level 1 of the Dungeon.
You visited 1 branch of the dungeon, and saw 1 of its levels.

You collected 9 gold pieces.

Inventory:

Hand Weapons
 a - a +0 dagger (weapon)
Armour
 c - a +0 robe (worn)
 d - a +0 buckler (worn)


   Skills:
 + Level 0.3 Short Blades
 + Level 1.0 Shields
 + Level 1.0 Spellcasting
 + Level 3.0 Conjurations
 + Level 4.6 Translocations


You had one spell level left.
You knew the following spells:

 Your Spells              Type           Power      Damage    Failure   Level
a - Apportation           Tloc           28%        N/A       5%          1

Your spell library contained the following spells:

 Spells                   Type           Power      Damage    Failure   Level
 Momentum Strike          Conj/Tloc      24%        3d8       12%         2
 Searing Ray              Conj           18%        2d5       16%         2
 Gell's Gravitas          Tloc           14%        N/A       16%         3
 Manifold Assault         Tloc           14%        N/A       47%         4


Dungeon Overview and Level Annotations

Branches:
Dungeon (1/15)

Altars:


Message History

You kill the endoplasm!
You hit the rat.
You kill the rat!
You see here a rat corpse.
A dart slug comes into view.
Found a granite talisman.
Found an escape hatch in the floor.
The dart slug launches a dart at you. The slug dart hits you.
Found a mace.
Found 12 gold pieces.
A ball python comes into view.
The ball python hisses angrily.
The dart slug bites you.
You hit the dart slug but do no damage. You hit the dart slug.
The dart slug is lightly wounded.
The dart slug barely misses you.
You hit the dart slug.
The dart slug is heavily wounded.
The dart slug bites you.
You hit the dart slug but do no damage.
The dart slug is heavily wounded.
The ball python closely misses you. You block the ball python's attack.
The dart slug launches a dart at you. The slug dart misses you.
The ball python bites you.
* * * LOW HITPOINT WARNING * * *
The ball python barely misses you.
As you read the scroll of teleportation, it crumbles to dust.
You feel strangely unstable.
The ball python bites you but does no damage.
The ball python grabs you. The ball python constricts you.
* * * LOW HITPOINT WARNING * * *
You barely miss the ball python.
The dart slug bites you but does no damage.
The ball python closely misses you. The ball python constricts you.
You hit the ball python but do no damage.
The ball python bites you.
* * * LOW HITPOINT WARNING * * *
The ball python constricts you. The dart slug bites you.
You die...

#.### #.#.. #.#.# #####
#.#.# #...#
####.#.######...# ###
........†.......+ ...
####.########...##.##.#.
#.# +........$.. ####.#
#...@w....# .....#
#.%S....)... ######
#.........#.
.....>.....#
#...........#
#...........#
#...........#
#............


You could see a dart slug and a ball python.

Vanquished Creatures
  3 endoplasms (D:1)
  A rat (D:1)
4 creatures vanquished.

Notes
Turn   | Place    | Note
-------+----------+-------------------------------------------
     0 | D:1      | CaptainMV the Demonspawn Wanderer began the quest for the
                  | Orb.
     0 | D:1      | CaptainMV set off with the following items: a +0 dagger, a
                  | scroll of teleportation, a +0 robe, a +0 buckler; and the
                  | following spell memorised: Apportation; and the following
                  | spells available to memorise: Momentum Strike, Searing Ray,
                  | Gell's Gravitas, Manifold Assault.
     0 | D:1      | Reached XP level 1. HP: 13/13 MP: 2/2
    98 | D:1      | Slain by a dart slug

Illustrated notes

Levels and vault maps discovered:
D:1:      elethiomel_arrival_shortcut, layout_basic,
          chequers_ecumenical_altar_simple, nrook_mini_backslash, st_stairs_3,
          serial_bayou_pond_e, supply_closet_lemuel

Action                     || total
---------------------------++-------
  Melee: Dagger            ||    20
    Use: Scroll            ||     1
 Armour: Robe              ||    12
  Dodge: Dodged            ||     9
  Block: Buckler           ||     1
